[Event "*** Titled Tuesday 3|2 Blitz"]
[Site "Chess.com"]
[Date "2016.10.04"]
[Round "4"]
[White "petrpalachev"]
[Black "RamonManon0g"]
[Result "1-0"]
[WhiteElo "2395"]
[BlackElo "2201"]
[TimeControl "180+2"]
[EndTime "11:46:43 PDT"]
[Termination "petrpalachev won by resignation"]

1. d4 Nf6 2. c4 g6 3. Nc3 d5 4.
Bf4 Bg7 5. e3 O-O 6. Rc1 c5 7.
dxc5 Qa5 8. Qa4 Qxc5 9. Nf3 Nc6 10. Qb5 Qxb5 11. cxb5 Nb8 12. a4 Nbd7 13. Be2 Re8 14. Ne5 Nxe5 15. Bxe5 Be6 16. O-O Rac8 17. Rfd1 Red8 18.
Rd4 Ne8 19. Bxg7 Kxg7 20. Bf3 Nf6 21. Rcd1 Rc5 22. h4 h5 23. e4 dxe4 24. Rxd8 exf3 25. gxf3 Rxc3 26. bxc3 Bb3 27. R1d4 e5 28. Rb4 Be6 29. c4 Nd7 30. Ra8 a6 31. bxa6 bxa6 32. Rxa6 Nc5 33.
Rxe6 fxe6 34. a5 1-0

[Event "*** Titled Tuesday 3|2 Blitz"]
[Site "Chess.com"]
[Date "2016.10.04"]
[Round "4"]
[White "MyleneFarmer"]
[Black "Gergo85"]
[Result "0-1"]
[WhiteElo "2302"]
[BlackElo "2444"]
[TimeControl "180+2"]
[EndTime "11:46:49 PDT"]
[Termination "Gergo85 won by resignation"]

1. e4 c6 2. d4 d5 3. Nd2 dxe4 4.
Nxe4 Nf6 5. Nxf6+ exf6 6. c3 Bd6 7. Bd3 Nd7 8. Qc2 Nf8 9. Ne2 Qc7 10. h4 Be6 11. g3 O-O-O 12. Nf4 Bg4 13. Bf5+ Bxf5 14. Qxf5+ Kb8 15. Be3 Ng6 16. Nh5 Ne7 17. Qd3 Nd5 18.
O-O-O g6 19. Nf4 Nxf4 20. gxf4 Bxf4 21. h5 Rhe8 22. Rde1 Re7 23. Kc2 Rde8 24. Bxf4 Qxf4 25. Rxe7 Rxe7 26. hxg6 Qxf2+ 27. Kb3 hxg6 28. Rf1 Qe3 29. Qc4 Qe6 30. Rh1 Kc7 31. a4 f5 32.
Kb4 Qxc4+ 0-1

[Event "*** Titled Tuesday 3|2 Blitz"]
[Site "Chess.com"]
[Date "2016.10.04"]
[Round "4"]
[White "Noukii"]
[Black "Wolverine_master"]
[Result "1-0"]
[WhiteElo "2613"]
[BlackElo "2042"]
[TimeControl "180+2"]
[EndTime "11:47:07 PDT"]
[Termination "Noukii won by resignation"]

1. d4 Nf6 2. c4 c6 3. Nc3 d5 4. Nf3 e6 5. Bg5 Nbd7 6. e3 Qa5 7. cxd5 exd5 8. Bd3 Bd6 9. O-O O-O 10. Qc2 h6 11.
Bh4 a6 12. Rab1 Qc7 13. b4 Re8 14. Rfc1 Qb8 15. a4 Be7 16. b5 axb5 17. axb5 Qa7 18.
h3 c5 19. b6 Nxb6 20. Nb5 Qa4 21. Nc7 Qxc2 22. Bxc2 Ne4 23. Rxb6 Bd8 24. Bxd8 Rxd8 25. Nxa8 Bf5 26. Nc7 Rd7 27. Rxb7 g5 28. Ne5 Re7 29. Rb8+ Kh7 30. Nxd5 Ra7 31. Bxe4 Bxe4 32. Nf6+ Kg7 33. Nxe4 g4 34. hxg4 cxd4 35. exd4 h5 36. g5 f5 37. gxf6+ Kh7 38. Rcc8 1-0

[Event "*** Titled Tuesday 3|2 Blitz"]
[Site "Chess.com"]
[Date "2016.10.04"]
[Round "4"]
[White "ZapataCharlesS"]
[Black "ChessWarrior7197"]
[Result "1-0"]
[WhiteElo "2591"]
[BlackElo "2469"]
[TimeControl "180+2"]
[EndTime "11:47:10 PDT"]
[Termination "ZapataCharlesS won by resignation"]

1. e4 c5 2. c3 d5 3. exd5 Qxd5 4. Nf3 Nc6 5. d4 Bg4 6. Be2 e6 7. c4 Qd8 8. d5 exd5 9. cxd5 Nb4 10.
Nc3 Nf6 11. Bb5+ Bd7 12. O-O Bxb5 13. Re1+ Be7 14. d6 Bc6 15. Rxe7+ Kf8 16. Ne5 Be8 17. Bg5 Nc6 18. Bxf6 gxf6 19. Nxc6 Bxc6 20. Qd2 Kg7 21. Rae1 Re8 22. Rxe8 Bxe8 23. Re3 Kh8 24. Rg3 1-0

[Event "*** Titled Tuesday 3|2 Blitz"]
[Site "Chess.com"]
[Date "2016.10.04"]
[Round "4"]
[White "dretch"]
[Black "Schemato"]
[Result "1-0"]
[WhiteElo "2627"]
[BlackElo "2315"]
[TimeControl "180+2"]
[EndTime "11:47:17 PDT"]
[Termination "dretch won on time"]

1. d4 e6 2. c4 f5 3. g3 Nf6 4. Bg2 c6 5. Nd2 d5 6. Nh3 Bd6 7. O-O O-O 8. Nf3 h6 9. Nf4 Ne4 10.
Ng6 Re8 11. Bf4 Bxf4 12. Nxf4 Nd7 13. Qc2 Qf6 14. b4 b5 15. cxb5 cxb5 16. Nd3 Nb6 17. Nfe5 Nc4 18. a4 Ba6 19. Bxe4 fxe4 20. Nc5 Bc8 21.
axb5 Nxe5 22. dxe5 Qxe5 23. b6 axb6 24. Rxa8 bxc5 25.
Qxc5 Bd7 26. Rxe8+ Bxe8 27. b5 Bh5 28. b6 1-0

[Event "*** Titled Tuesday 3|2 Blitz"]
[Site "Chess.com"]
[Date "2016.10.04"]
[Round "4"]
[White "Rating-Schmating"]
[Black "cassoulet"]
[Result "0-1"]
[WhiteElo "2200"]
[BlackElo "2293"]
[TimeControl "180+2"]
[EndTime "11:47:18 PDT"]
[Termination "cassoulet won by resignation"]

1. e4 c5 2. Nf3 d6 3. d4 cxd4 4. Nxd4 Nf6 5. Nc3 Nc6 6. Be2 g6 7. Be3 Bg7 8. O-O O-O 9. Qd2 Bd7 10. f4 Rc8 11. Nxc6 Bxc6 12. Bf3 Nd7 13. Bd4 Bxd4+ 14. Qxd4 Qb6 15. Qxb6 Nxb6 16. Be2 Bd7 17. Bd3 Rc5 18.
f5 g5 19. f6 e6 20. Rad1 Rd8 21. Be2 Bc6 22. Bf3 Nc4 23. b4 Re5 24. Rfe1 a6 25. Be2 Ne3 26. Rd2 Bxe4 27. Bh5 Nc4 28. Rde2 Bf5 29. Bf3 Rxe2 30. Rxe2 d5 31. Nxd5 exd5 32. Bxd5 Nd6 33. c4 Bd3 34. Rd2 Bf5 35. c5 Ne8 36. Bxf7+ Kxf7 37. Rxd8 Be4 38. Kf2 Nxf6 39. h3 Ke7 40. Rd4 Bd5 41. a4 Ke6 42. g4 Ke5 43. Ke3 Bc6 44. a5 Nd5+ 45. Kd3 Bb5+ 46. Kd2 Kxd4 0-1

[Event "*** Titled Tuesday 3|2 Blitz"]
[Site "Chess.com"]
[Date "2016.10.04"]
[Round "4"]
[White "dawtonlms"]
[Black "Kawhi_Leonard2"]
[Result "0-1"]
[WhiteElo "2158"]
[BlackElo "1990"]
[TimeControl "180+2"]
[EndTime "11:47:21 PDT"]
[Termination "Kawhi_Leonard2 won by resignation"]

1. e4 c5 2. Nf3 d6 3. Bb5+ Bd7 4.
Bxd7+ Qxd7 5. c4 Nc6 6. Nc3 g6 7. d4 cxd4 8. Nxd4 Bg7 9. Be3 Nf6 10. f3 O-O 11. O-O Rac8 12. Nde2 Rfe8 13. Qd2 a6 14. a4 Na5 15. Qd3 Nxc4 16. Bc1 Red8 17. Rd1 e6 18. a5 d5 19. exd5 Nxd5 20. b3 Nxc3 21. Qxd7 Nxe2+ 22. Kf2 Rxd7 23. Rxd7 Bxa1 24. Kxe2 0-1

[Event "*** Titled Tuesday 3|2 Blitz"]
[Site "Chess.com"]
[Date "2016.10.04"]
[Round "4"]
[White "Scott-fox21"]
[Black "NoWuss2"]
[Result "0-1"]
[WhiteElo "2161"]
[BlackElo "2080"]
[TimeControl "180+2"]
[EndTime "11:47:24 PDT"]
[Termination "NoWuss2 won by checkmate"]

1. d4 Nc6 2. Nf3 d6 3. c4 f5 4.
g3 g6 5. Bg2 Bg7 6. O-O Nf6 7.
Nc3 O-O 8. Bf4 Nh5 9. Bg5 h6 10. Be3 f4 11. gxf4 Nxf4 12. Bxf4 Rxf4 13. e3 Rf7 14.
Qd3 Bf5 15. Qd2 g5 16. b4 Qf8 17. b5 Nd8 18. h3 Bxh3 19. Nxg5 Bxg2 20. Nxf7 Bxf1 21.
Nxd8 Bh3 22. Kh2 Qf3 23. Rg1 Bd7 24. Nxb7 Qh3# 0-1

[Event "*** Titled Tuesday 3|2 Blitz"]
[Site "Chess.com"]
[Date "2016.10.04"]
[Round "4"]
[White "GM_Levan_Pantsulaia"]
[Black "Sanan_Sjugirov"]
[Result "0-1"]
[WhiteElo "2474"]
[BlackElo "2695"]
[TimeControl "180+2"]
[EndTime "11:47:50 PDT"]
[Termination "Sanan_Sjugirov won on time"]

1. Nf3 d5 2. g3 Bg4 3. Bg2 Nd7 4. d4 e6 5. O-O Ngf6 6. Nbd2 Be7 7. Re1 O-O 8. e4 Bh5 9. c3 c5 10. exd5 exd5 11.
Qb3 Rb8 12. Ne5 c4 13. Qa4 Nxe5 14. Rxe5 Bd6 15. Qxa7 Qc7 16. Rxh5 Ra8 17. Qxa8 Rxa8 18. Rf5 Qe7 19. Nf3 g6 20. Re5 Bxe5 21. Nxe5 Qe6 22.
Bf4 Ne4 23. a3 f6 24. Nf3 g5 25. Be3 Qb6 26. Bc1 Qb3 0-1

[Event "*** Titled Tuesday 3|2 Blitz"]
[Site "Chess.com"]
[Date "2016.10.04"]
[Round "4"]
[White "Kouzari"]
[Black "filali-oujda"]
[Result "0-1"]
[WhiteElo "2433"]
[BlackElo "2316"]
[TimeControl "180+2"]
[EndTime "11:47:58 PDT"]
[Termination "filali-oujda won on time"]

1. e4 c6 2. d4 d5 3. exd5 cxd5 4. c4 Nf6 5. Nc3 Nc6 6. Bg5 e6 7. cxd5 exd5 8. Bxf6 gxf6 9. Nf3 Be6 10. Bb5 Qb6 11. Qa4 Bd6 12. O-O O-O 13. Rfe1 Kh8 14. Rac1 Rac8 15.
b3 Rg8 16. g3 Rg4 17. Ne2 a6 18. Bxc6 bxc6 19. Rc2 c5 20. Rec1 c4 21. bxc4 dxc4 22. Nc3 Qb7 23. d5 Bf5 24. Re2 Bd7 25. Qc2 Bc5 26.
Rce1 Qb6 27. Qd2 Rcg8 28. Ne4 Bb4 29. Qh6 R4g6 30. Qh5 Bg4 0-1

[Event "*** Titled Tuesday 3|2 Blitz"]
[Site "Chess.com"]
[Date "2016.10.04"]
[Round "4"]
[White "pastouche06"]
[Black "agser"]
[Result "1-0"]
[WhiteElo "2349"]
[BlackElo "2485"]
[TimeControl "180+2"]
[EndTime "11:48:15 PDT"]
[Termination "pastouche06 won by resignation"]

1. d4 Nf6 2. c4 e6 3. Nc3 Bb4 4. Qc2 O-O 5. a3 Bxc3+ 6. Qxc3 b6 7. Bg5 Ba6 8. Qf3 Nc6 9. e3 Na5 10. Rc1 c5 11. d5 exd5 12. Bxf6 Qxf6 13. Qxf6 gxf6 14.
cxd5 Bxf1 15. Kxf1 c4 16. Nf3 Rac8 17. Ke2 Rc5 18. Rhd1 b5 19. b4 Nb3 20. bxc5 Nxc1+ 21. Rxc1 Rc8 22. c6 dxc6 23. dxc6 Rxc6 24. Nd4 Rc5 25. Kd2 a6 26. Kc3 f5 27. g3 Kg7 28. Ra1 Kg6 29. a4 Kg5 30. h3 h5 31. axb5 axb5 32. Rb1 h4 33. Nf3+ Kf6 34. Nxh4 Rd5 35. Nf3 Rd3+ 36. Kc2 f4 37. gxf4 Ra3 38. Rxb5 Ra1 39. Nd4 Rf1 40.
f3 Re1 41. e4 Rh1 42. Kc3 Rc1+ 43. Kd2 Rh1 44. Rc5 1-0

[Event "*** Titled Tuesday 3|2 Blitz"]
[Site "Chess.com"]
[Date "2016.10.04"]
[Round "4"]
[White "andretta"]
[Black "tango_argentino"]
[Result "0-1"]
[WhiteElo "2251"]
[BlackElo "2362"]
[TimeControl "180+2"]
[EndTime "11:48:17 PDT"]
[Termination "tango_argentino won by resignation"]

1. b3 e5 2. Bb2 Nc6 3. e3 d6 4. Ne2 g6 5. f4 Bg7 6. Nbc3 Nf6 7. fxe5 dxe5 8. Ng3 O-O 9. Bc4 Bg4 10. Be2 Bxe2 11.
Qxe2 Nb4 12. O-O-O Nfd5 13. Kb1 a5 14. a4 Qe7 15. Nxd5 Nxd5 16. Qc4 c6 17. h4 h5 18. Ne4 Ra6 19. Rdf1 Rb6 20. Qc5 Rb4 21. Qxe7 Nxe7 22. d3 Nd5 23. Ba3 Nxe3 24. Bxb4 axb4 25. Rf2 f5 26.
Ng5 Re8 27. Kc1 Nd5 28. Kd2 e4 29. dxe4 fxe4 30. Rf7 e3+ 31. Ke1 Nc3 32. Rhf1 Be5 33.
R1f3 Bh2 34. R7f6 Re7 35. Rf8+ Kg7 36. Rb8 Bg1 37. Rc8 Bf2+ 38. Kf1 e2+ 0-1

[Event "*** Titled Tuesday 3|2 Blitz"]
[Site "Chess.com"]
[Date "2016.10.04"]
[Round "4"]
[White "RodinMihail"]
[Black "dabee"]
[Result "0-1"]
[WhiteElo "2345"]
[BlackElo "2461"]
[TimeControl "180+2"]
[EndTime "11:48:18 PDT"]
[Termination "dabee won by resignation"]

1. e4 e5 2. Nf3 Nc6 3. Nc3 Nf6 4.
d4 exd4 5. Nxd4 Bb4 6. Nxc6 bxc6 7. Bd3 d5 8. exd5 cxd5 9. Qe2+ Qe7 10. Qxe7+ Kxe7 11. O-O Be6 12. Nb5 c6 13. Nd4 Kd7 14.
Rd1 Rab8 15. Be3 a5 16. a4 Ng4 17. Bf4 Bd6 18. Bxd6 Kxd6 19. b3 Ne5 20. Bf1 g5 21.
Re1 Bd7 22. Rad1 Rhe8 23. f3 f5 24. Kf2 f4 25. g3 Rf8 26. g4 h5 27. h3 hxg4 28. hxg4 Rh8 29. Bg2 c5 30. Ne2 Bc6 31. Nc3 d4 32. Nb1 Rh2 33. Rg1 Bxf3 34. Rde1 Bxg2 35.
Rxg2 Nxg4+ 36. Kf3 Rxg2 37. Kxg2 Ne3+ 38. Kf3 Nxc2 39.
Rh1 Rxb3+ 40. Ke4 f3 41. Rh6+ Ke7 42. Nd2 Re3+ 43. Kd5 f2 44. Nc4 f1=Q 0-1

[Event "*** Titled Tuesday 3|2 Blitz"]
[Site "Chess.com"]
[Date "2016.10.04"]
[Round "4"]
[White "Mugzyyy"]
[Black "BellJackson95"]
[Result "1-0"]
[WhiteElo "2463"]
[BlackElo "2320"]
[TimeControl "180+2"]
[EndTime "11:48:25 PDT"]
[Termination "Mugzyyy won by resignation"]

1. d4 Nf6 2. h3 c5 3. dxc5 e5 4. Be3 Na6 5. Nf3 e4 6. Nd4 Bxc5 7. Nc3 O-O 8. g4 Re8 9. Bg2 Bb4 10. O-O Bxc3 11.
bxc3 Nd5 12. c4 Nxe3 13. fxe3 Qg5 14. Rf4 d5 15. Qf1 h5 16. Nf5 Bxf5 17. Rxf5 Qxe3+ 18. Kh1 hxg4 19. cxd5 gxh3 20. Bxh3 Nb4 21. Qg2 Rad8 22. Rg1 Qh6 23. c4 g6 24. Rf6 Re5 25. Kh2 Nc2 26. Qf2 Rh5 27. Rg3 e3 28. Qf3 Ne1 29.
Qxe3 Qxe3 30. Rxe3 Kg7 31. Rf4 b5 32. Re7 Rf8 33. d6 bxc4 34. d7 Rd5 35. Be6 Rh5+ 36. Kg3 Rg5+ 37. Kf2 Ng2 38. Rfxf7+ Rxf7+ 39. Rxf7+ 1-0

[Event "*** Titled Tuesday 3|2 Blitz"]
[Site "Chess.com"]
[Date "2016.10.04"]
[Round "4"]
[White "cstefan"]
[Black "Lali-Rustavi"]
[Result "1-0"]
[WhiteElo "2003"]
[BlackElo "1819"]
[TimeControl "180+2"]
[EndTime "11:48:26 PDT"]
[Termination "cstefan won by resignation"]

1. e4 c5 2. Nf3 Nc6 3. Nc3 g6 4. Bb5 Bg7 5. Bxc6 dxc6 6. h3 e5 7. d3 Ne7 8. Be3 b6 9. Qd2 O-O 10. O-O f5 11. exf5 Nxf5 12. Bg5 Qc7 13. Rfe1 Nd4 14.
Nh2 Bf5 15. Ne4 Rad8 16. Bxd8 Rxd8 17. Rad1 Qd7 18. c3 Ne6 19. Qe3 Nf4 20. Rd2 Nxd3 21. Red1 c4 22. b3 b5 23. bxc4 bxc4 24. Nf1 Qf7 25.
Nfg3 Bxe4 26. Nxe4 Rf8 27. Rf1 Qf5 28. Nd6 Qh5 29. Nxc4 Nf4 30. Re1 Qg5 31. Qg3 Qf5 32.
Nd6 Qh5 33. Ne4 Bh6 34. Rb2 a5 35. Kf1 a4 36. Rb8 Rxb8 37. Nf6+ Kg7 38. Nxh5+ Nxh5 39. Qxe5+ Kg8 40. Qxb8+ 1-0

[Event "*** Titled Tuesday 3|2 Blitz"]
[Site "Chess.com"]
[Date "2016.10.04"]
[Round "4"]
[White "QuintilianoR"]
[Black "Dr-Bassem"]
[Result "0-1"]
[WhiteElo "2416"]
[BlackElo "2613"]
[TimeControl "180+2"]
[EndTime "11:48:28 PDT"]
[Termination "Dr-Bassem won by resignation"]

1. Nf3 f5 2. c4 Nf6 3. g3 d6 4. d4 e6 5. Bg2 Be7 6. O-O O-O 7. Nc3 Qe8 8. Re1 Ne4 9. Qc2 Qg6 10. Nd2 Nxc3 11. bxc3 e5 12. c5 Nc6 13. cxd6 cxd6 14.
Ba3 e4 15. Rab1 b6 16. f3 d5 17. Bxe7 Nxe7 18. f4 Qc6 19. Bf1 Ba6 20. Qb3 Nc8 21. Qa3 Bb5 22. Rxb5 Qxb5 23. e3 Qc6 24. c4 Nd6 25. c5 Nb7 26. Qa6 Rf6 27. Bb5 Qc7 28.
c6 Na5 29. Rc1 Rc8 30. Nb1 Nxc6 31. Nc3 Nb4 32. Qa4 Nd3 33. Bxd3 exd3 0-1

[Event "*** Titled Tuesday 3|2 Blitz"]
[Site "Chess.com"]
[Date "2016.10.04"]
[Round "4"]
[White "Er_is_geen_hoop_meer"]
[Black "kikydu96"]
[Result "1/2-1/2"]
[WhiteElo "2283"]
[BlackElo "2300"]
[TimeControl "180+2"]
[EndTime "11:48:29 PDT"]
[Termination "Game drawn - insufficient material"]

1. Nf3 Nf6 2. g3 d5 3. Bg2 Bf5 4. O-O c6 5. c4 e6 6. cxd5 exd5 7. Nd4 Be4 8. f3 Bg6 9. Qb3 Qb6 10. Qxb6 axb6 11. e3 Bxb1 12. Rxb1 Rxa2 13. b4 Nbd7 14. g4 g6 15. g5 Nh5 16. f4 Bg7 17. Bb2 c5 18.
bxc5 bxc5 19. Bxd5 Rxb2 20. Rxb2 cxd4 21. Rxb7 Nc5 22. Rxf7 dxe3 23. Rb1 Nd7 24. dxe3 Rf8 25. Rxf8+ Nxf8 26. Kf2 Bc3 27. Rb8+ Ke7 28. Rb7+ Ke8 29. Kf3 Ng7 30. e4 Bd4 31. Bf7+ Kd8 32. Bg8 Ba1 33.
h4 Bc3 34. Rf7 Ke8 35. f5 gxf5 36. exf5 Nd7 37. f6 Ne5+ 38. Ke4 Nxf7 39. fxg7 Bxg7 40. Bxh7 Nxg5+ 41. hxg5 Kf8 42. Kf5 Bh8 43. Bg8 Bg7 44. g6 Kxg8 45. Kg5 Ba1 46. Kf5 Kf8 47. g7+ Kxg7 1/2-1/2

[Event "*** Titled Tuesday 3|2 Blitz"]
[Site "Chess.com"]
[Date "2016.10.04"]
[Round "4"]
[White "MFBerna"]
[Black "FLchessplayer"]
[Result "0-1"]
[WhiteElo "2144"]
[BlackElo "2036"]
[TimeControl "180+2"]
[EndTime "11:48:34 PDT"]
[Termination "FLchessplayer won by resignation"]

1. e4 c5 2. Nf3 d6 3. d4 cxd4 4.
Nxd4 Nf6 5. Nc3 g6 6. Be3 Bg7 7. f3 O-O 8. Qd2 Nc6 9. O-O-O d5 10. Nxc6 bxc6 11. exd5 Nxd5 12. Nxd5 cxd5 13. Qxd5 Qc7 14.
Qc5 Qb7 15. b3 Bf5 16. Bd3 Rfc8 17. Qa5 Bxd3 18. Rxd3 Qc6 19. c4 Qf6 20. Bd4 e5 21.
Bc3 Qg5+ 22. Rd2 Bh6 23. Qxe5 Qxe5 24. Bxe5 Bxd2+ 25. Kxd2 Rd8+ 26. Kc2 Re8 27. f4 f6 28.
Bxf6 Re2+ 29. Kc3 Rxa2 30. g4 a5 31. Rd1 Rxh2 32. Rd7 Re8 33. c5 Re3+ 34. Kc4 Rc2+ 35. Kb5 Rxb3+ 36. Kc6 Rb8 37. Rg7+ Kf8 38. Rxh7 Rc8+ 39.
Kb6 Rb2+ 40. Kxa5 Ra8+ 0-1

[Event "*** Titled Tuesday 3|2 Blitz"]
[Site "Chess.com"]
[Date "2016.10.04"]
[Round "4"]
[White "NTBT_DHS"]
[Black "wonderfultime"]
[Result "0-1"]
[WhiteElo "2455"]
[BlackElo "2690"]
[TimeControl "180+2"]
[EndTime "11:48:42 PDT"]
[Termination "wonderfultime won by resignation"]

1. d4 d5 2. c4 c6 3. Nf3 Nf6 4. g3 Bf5 5. Bg2 e6 6. O-O Nbd7 7. Nbd2 Be7 8. b3 O-O 9. Bb2 h6 10. Re1 a5 11. h3 a4 12. g4 Bg6 13. c5 Ne4 14. Nxe4 Bxe4 15. b4 f5 16. Nd2 Bxg2 17. Kxg2 Qe8 18. e3 Qg6 19. f4 Nf6 20. Qc2 Kh7 21. Nf3 Ne4 22. Ne5 Qe8 23. Rh1 Bf6 24. Nf3 Qg6 25. Nh2 a3 26. Bc3 h5 27. Rag1 Kg8 28.
Kf1 fxg4 29. Ke1 Bh4+ 30. Kd1 Nf2+ 31. Kc1 Qxc2+ 32. Kxc2 Nxh1 33. hxg4 Nf2 34. g5 Ne4 35. Nf3 Bf2 0-1

[Event "*** Titled Tuesday 3|2 Blitz"]
[Site "Chess.com"]
[Date "2016.10.04"]
[Round "4"]
[White "APL2001"]
[Black "GMHess"]
[Result "1/2-1/2"]
[WhiteElo "2432"]
[BlackElo "2589"]
[TimeControl "180+2"]
[EndTime "11:48:47 PDT"]
[Termination "Game drawn by agreement"]

1. e4 e5 2. Nf3 Nc6 3. Bb5 Nf6 4. O-O Nxe4 5. d4 Nd6 6. dxe5 Nxb5 7. a4 Nbd4 8. Nxd4 d5 9. exd6 Nxd4 10. Qxd4 Qxd6 11. Qxd6 Bxd6 12. Nc3 c6 13. Re1+ Kf8 14. Ne4 Be7 15. Bf4 Bf5 16. c3 Rd8 17. Ng3 Bc2 18. Re2 Bd1 19.
Re1 Bb3 20. Nf5 Bc5 21. Be5 f6 22. Bd4 Bxd4 23. Nxd4 Bd5 24. Ne6+ Bxe6 25. Rxe6 Kf7 26. Re2 Rhe8 27. Kf1 Rxe2 28. Kxe2 Ke6 29. Ke3 h5 30. Re1 Kf5 31. Kf3 Rd3+ 32. Re3 Rxe3+ 33. Kxe3 Ke5 34. f4+ Kf5 35. Kf3 g5 36. g3 a5 37. b4 b6 38.
bxa5 bxa5 39. c4 gxf4 40. gxf4 c5 41. h4 Ke6 42. Ke4 f5+ 43. Ke3 Kd6 1/2-1/2

[Event "*** Titled Tuesday 3|2 Blitz"]
[Site "Chess.com"]
[Date "2016.10.04"]
[Round "4"]
[White "Dale"]
[Black "biostatistician"]
[Result "1-0"]
[WhiteElo "2077"]
[BlackElo "2434"]
[TimeControl "180+2"]
[EndTime "11:48:51 PDT"]
[Termination "Dale won by checkmate"]

1. Nc3 d5 2. e3 e5 3. Qh5 Nc6 4. Bb5 Nf6 5. Qxe5+ Be6 6. Bxc6+ bxc6 7. Na4 Bd6 8. Qc3 O-O 9. Nc5 Qe7 10. Nxe6 Qxe6 11. Nf3 c5 12. b3 d4 13. Qc4 Qg4 14.
O-O Rad8 15. Ba3 Rfe8 16. Bxc5 Bxc5 17. Qxc5 Rd5 18. Qxc7 Ne4 19. c4 Rf5 20. Nxd4 Rg5 21. g3 Rh5 22. f3 Qh3 23. g4 Rh4 24.
fxe4 Rxg4+ 25. Kf2 Rg2+ 26. Ke1 f6 27. c5 Rxe4 28.
Qd8+ Kf7 29. Qd5+ Kf8 30. Qxe4 Qxh2 31. Ne6+ Kf7 32. Nd8+ Kf8 33. Qd5 Ke7 34. Nc6+ Kf8 35. Qd6+ Qxd6 36. cxd6 Ke8 37. Rc1 Kd7 38. Ne7 Kxd6 39.
Nf5+ Ke5 40. Rc5+ Ke4 41. Rf4+ Kd3 42. Rc3# 1-0

[Event "*** Titled Tuesday 3|2 Blitz"]
[Site "Chess.com"]
[Date "2016.10.04"]
[Round "4"]
[White "GianmarcoVaR"]
[Black "Semetey"]
[Result "0-1"]
[WhiteElo "2378"]
[BlackElo "2420"]
[TimeControl "180+2"]
[EndTime "11:48:53 PDT"]
[Termination "Semetey won by resignation"]

1. d4 Nf6 2. Bg5 d5 3. Bxf6 exf6 4. g3 c6 5. e3 Qb6 6. Qc1 Be6 7. Bg2 Nd7 8. Ne2 f5 9. Nf4 Bd6 10. Nxe6 fxe6 11.
O-O O-O 12. c4 Be7 13. Nd2 Nf6 14. Qc2 Rac8 15. Rfd1 Ne4 16. Nf3 Bf6 17. Rac1 g5 18.
cxd5 exd5 19. Ne1 Rce8 20. Nd3 h5 21. Nc5 Rf7 22. b4 h4 23. Qb3 hxg3 24. hxg3 Rh7 25. b5 Qxb5 26. Qxb5 cxb5 27. Nxe4 dxe4 28. Rc5 f4 29.
Rxb5 f3 30. Bf1 b6 31. d5 Kf7 32. Rc1 Reh8 33. Rc7+ Be7 34. Bg2 fxg2 35. Kxg2 Rh1 36. g4 R8h2+ 37. Kg3 Ke8 38. Rc6 Kd7 39. d6 Bxd6+ 40.
Rxd6+ Kxd6 41. Rxg5 Rh3+ 42. Kf4 Rf3+ 43. Kxe4 Rxf2 44. Rh5 Rxh5 45. gxh5 Rh2 0-1

[Event "*** Titled Tuesday 3|2 Blitz"]
[Site "Chess.com"]
[Date "2016.10.04"]
[Round "4"]
[White "josiwales"]
[Black "Zhani-Z"]
[Result "0-1"]
[WhiteElo "2214"]
[BlackElo "2330"]
[TimeControl "180+2"]
[EndTime "11:49:06 PDT"]
[Termination "Zhani-Z won by resignation"]

1. e4 e5 2. Nf3 Nc6 3. Bc4 Bc5 4.
O-O d6 5. h3 Nf6 6. d3 Bb6 7.
c3 Ne7 8. b4 Ng6 9. a4 c6 10.
a5 Bc7 11. Re1 O-O 12. d4 exd4 13. cxd4 d5 14. exd5 Nxd5 15. Bd2 a6 16. Na3 Bf5 17. Qb3 Ndf4 18. Bxf4 Nxf4 19. Rad1 Qf6 20. Ne5 Rad8 21. g4 Be6 22. Bxe6 Nxe6 23. Qe3 Nf4 24. Nac4 Nd5 25.
Qd2 Bd6 26. Nxd6 Qxd6 27. Rb1 Nc7 28. Rbd1 Nb5 29. Re4 f6 30. Nc4 Qd5 31. Qd3 Rfe8 32. Rxe8+ Rxe8 33. Ne3 Qf3 34. Qc4+ Kh8 35. d5 Rxe3 36.
fxe3 Qxd1+ 37. Kf2 Qxd5 0-1

[Event "*** Titled Tuesday 3|2 Blitz"]
[Site "Chess.com"]
[Date "2016.10.04"]
[Round "4"]
[White "Hieronymus00"]
[Black "Grootneus"]
[Result "1-0"]
[WhiteElo "2167"]
[BlackElo "1990"]
[TimeControl "180+2"]
[EndTime "11:49:14 PDT"]
[Termination "Hieronymus00 won on time"]

1. e4 c5 2. Nf3 Nc6 3. d4 cxd4 4.
Nxd4 Nf6 5. Nc3 e5 6. Ndb5 d6 7. Bg5 a6 8. Na3 b5 9. Bxf6 gxf6 10. Nd5 f5 11. Bd3 Be6 12. O-O Bg7 13. c4 bxc4 14.
Nxc4 O-O 15. Rc1 Nd4 16. Qh5 fxe4 17. Bxe4 f5 18. Ndb6 fxe4 19. Nxa8 Qxa8 20. Nxd6 Qd5 21. Nc4 Qb5 22. b3 Rf5 23. Qd1 Rg5 24. Kh1 Qe8 25. Qd2 Qg6 26. Ne3 Rh5 27. Rfd1 Bh6 28. Qb4 Bf4 29.
Qb8+ Kg7 30. Rc7+ Kh6 31. Qf8+ Kg5 32. Rg7 Rxh2+ 33. Kg1 1-0

[Event "*** Titled Tuesday 3|2 Blitz"]
[Site "Chess.com"]
[Date "2016.10.04"]
[Round "4"]
[White "VMikhalevski"]
[Black "Paralinch"]
[Result "1-0"]
[WhiteElo "2482"]
[BlackElo "2552"]
[TimeControl "180+2"]
[EndTime "11:49:25 PDT"]
[Termination "VMikhalevski won by checkmate"]

1. Nf3 c5 2. g3 Nc6 3. d4 cxd4 4.
Nxd4 g6 5. Bg2 Bg7 6. Nb3 Nf6 7.
Nc3 O-O 8. O-O d6 9. h3 Be6 10. e4 Rc8 11. Nd5 Bxd5 12. exd5 Ne5 13. c3 Nc4 14. Qe2 Re8 15. Rd1 Qb6 16. Nd4 Nd7 17.
b3 Nce5 18. Bb2 Nc5 19. c4 e6 20. dxe6 fxe6 21. Nb5 Nf7 22. Bxg7 Kxg7 23. Nxd6 Nxd6 24. Qe5+ Kg8 25. Rxd6 Qc7 26. Rad1 a5 27. h4 Qg7 28.
Qe3 Qb2 29. R1d2 Qf6 30. Qh6 Qg7 31. Qg5 h6 32. Qe3 Rc7 33. a3 a4 34. bxa4 Qa1+ 35. Kh2 Kg7 36. Rd8 Rxd8 37. Rxd8 Qf6 38. Qd2 e5 39.
Qd5 Rf7 40. Rc8 Nxa4 41. Qb5 Nb6 42. Rb8 Qd6 43. Rxb7 Nd7 44. Bd5 Rxf2+ 45. Kh3 Rf7 46. Bxf7 Nc5 47. Bd5+ Nxb7 48. Qxb7+ Kh8 49. Qc8+ Kg7 50.
Qg8+ Kf6 51. Qf7# 1-0

[Event "*** Titled Tuesday 3|2 Blitz"]
[Site "Chess.com"]
[Date "2016.10.04"]
[Round "4"]
[White "promen1999"]
[Black "Lupul_Cenusiu"]
[Result "0-1"]
[WhiteElo "2287"]
[BlackElo "2384"]
[TimeControl "180+2"]
[EndTime "11:49:29 PDT"]
[Termination "Lupul_Cenusiu won by resignation"]

1. Nf3 Nf6 2. g3 d5 3. Bg2 e6 4. c4 Be7 5. O-O O-O 6. d4 a6 7. b3 Nbd7 8. Bb2 Ne4 9. Nc3 Nxc3 10.
Bxc3 c6 11. Qc2 b5 12. c5 a5 13. a3 f5 14. Ne1 Bf6 15. Nd3 Qc7 16. Qb2 Ba6 17.
Rae1 Rae8 18. Qd2 a4 19. Nb4 Ra8 20. f3 axb3 21. e4 Bb7 22. Bb2 h6 23. exf5 exf5 24.
Bh3 Kh8 25. Nd3 Ra4 26. Nf4 Rfa8 27. Ng6+ Kg8 28. Bxf5 Nf8 29. Nxf8 Rxf8 30. Be6+ Kh8 31. f4 Bc8 32. Bxc8 Qxc8 33. f5 Rc4 34. Rc1 Re8 35. Rf3 Re4 36. Rxb3 Bg5 0-1

[Event "*** Titled Tuesday 3|2 Blitz"]
[Site "Chess.com"]
[Date "2016.10.04"]
[Round "4"]
[White "Usurpov"]
[Black "nihalsarin"]
[Result "0-1"]
[WhiteElo "2289"]
[BlackElo "2468"]
[TimeControl "180+2"]
[EndTime "11:49:31 PDT"]
[Termination "nihalsarin won by checkmate"]

1. e4 e5 2. Nf3 Nc6 3. Nc3 Nf6 4. d4 Bb4 5. Nxe5 O-O 6. Qd3 Re8 7. Bd2 Nxe5 8.
dxe5 Rxe5 9. O-O-O Re8 10. Qg3 d6 11. Bd3 Be6 12. f4 Nh5 13. Qf3 Qh4 14. g3 Qg4 15. Qg2 Bxc3 16. bxc3 f5 17. exf5 Bxf5 18. h3 Qg6 19.
Bxf5 Qxf5 20. g4 Nxf4 21. Qh2 Qc5 22. Qxf4 Qa3+ 23. Kb1 Re5 24. Qc4+ Kh8 25. Qb3 Qa6 26. c4 b5 27. Bc3 bxc4 28. Qb2 Rb5 29. Ka1 Rxb2 30.
Bxb2 Rb8 31. Rb1 Qa5 32. Bxg7+ Kxg7 33. Rxb8 Qc3+ 34. Rb2 a5 35. Kb1 a4 36. Rb7 Qa5 37.
Rf1 a3 38. Rb8 Qe5 39. Rb4 d5 40. Ra4 Qb2# 0-1